 Dungeon Crawl Stone Soup version 0.31.0-11-ge490571c62 (webtiles) character file.

Game seed: 8073579084095326627

8049 zenocrate the Covert (level 11, -9/47 HPs)
             Began as a Vine Stalker Enchanter on Jan 29, 2024.
             Was an Initiate of Gozag.
             Drowned by a water nymph (shapeshifter) (12 damage)
             ... on level 8 of the Dungeon.
             The game lasted 00:12:55 (8760 turns).

zenocrate the Covert (Vine Stalker Enchanter)       Turns: 8760, Time: 00:12:55

Health: -9/47      AC: 10    Str: 10    XL:     11   Next: 24%
Magic:  0/15       EV: 16    Int: 15    God:    Gozag
Gold:   1618       SH:  0    Dex: 20    Spells: 4/14 levels left

rFire   + . .        b - +3 short sword (heavy)
rCold   . . .        (no shield)
rNeg    . . .        l - +1 robe {rF+}
rPois   .            (no helmet)
rElec   .            k - scarf {harm}
rCorr   .            w - +2 pair of gloves
SInv    +            (no boots)
Will    +....        (no amulet)
Stlth   +++          f - ring of see invisible
HPRegen 1.07/turn    e - +4 ring of protection
MPRegen 0.14/turn

%: harm (+30% outgoing, +20% incoming), guardian spirit
@: confusing by touch, very slow
A: fangs 3, regeneration 1, magic shield, antimagic bite, no potion heal 2
a: Renounce Religion, Potion Petition, Call Merchant, Bribe Branch


You were on level 8 of the Dungeon.
You worshipped Gozag.
Gozag was most pleased with you.
You visited 2 branches of the dungeon, and saw 9 of its levels.
You also visited: Sewer and Ossuary.

You collected 1733 gold pieces.
You paid 115 gold pieces to Gozag.

Inventory:

Hand Weapons
 a - a +1 dagger
 b - a +3 heavy short sword (weapon)
 h - the +6 quarterstaff of the Pill Bug {protect, rElec rPois Will- rCorr}
   (You found it on level 4 of the Dungeon)

   rElec:     It insulates you from electricity.
   rPois:     It protects you from poison Will-: It decreases your willpower.
   rCorr:     It protects you from acid and corrosion.
Missiles
 i - 5 curare-tipped darts
 m - 11 boomerangs
 n - 6 atropa-tipped darts
 q - 38 poisoned darts (quivered)
Armour
 k - a scarf of harm (worn)
 l - a +1 robe of fire resistance (worn)
 w - a +2 pair of gloves (worn)
Jewellery
 e - a +4 ring of protection (right hand)
 f - a ring of see invisible (left hand)
 u - a +6 ring of strength
 z - a ring of protection from fire
 F - a +6 ring of strength
Wands
 y - a wand of flame (32)
Scrolls
 d - a scroll of fog
 s - 2 scrolls of brand weapon
 x - a scroll of enchant armour {unknown}
 C - a scroll of teleportation
 D - a scroll of enchant weapon {unknown}
 G - 2 scrolls of amnesia {unknown}
 I - a scroll of immolation
 K - 2 scrolls of fear
 L - a scroll of revelation {unknown}
Potions
 c - 3 potions of invisibility
 g - a potion of lignification
 j - 3 potions of enlightenment
 o - a potion of heal wounds {unknown}
 p - 4 potions of curing {unknown}
 r - 4 potions of might {unknown}
 t - 4 potions of resistance {unknown}
 A - a potion of attraction {unknown}
 B - 2 potions of brilliance {unknown}
 E - a potion of cancellation {unknown}
 H - a potion of ambrosia {unknown}
 J - a potion of mutation {unknown}


   Skills:
 + Level 7.8 Short Blades
 - Level 1.2 Throwing
 + Level 6.5 Dodging
 * Level 10.7 Stealth
 - Level 2.1 Spellcasting
 + Level 8.2 Hexes
 - Level 3.1 Translocations
 - Level 4.0 Ice Magic
 - Level 3.0 Evocations


You had 4 spell levels left.
You knew the following spells:

 Your Spells              Type           Power      Damage    Failure   Level
a - Ensorcelled Hibernat  Hex/Ice        40%        N/A       2%          2
b - Confusing Touch       Hex            26%        N/A       2%          3
c - Tukima's Dance        Hex            26%        N/A       2%          3
x - Blink                 Tloc           22%        N/A       9%          2

Your spell library contained the following spells:

 Spells                   Type           Power      Damage    Failure   Level
 Lesser Beckoning         Tloc           22%        N/A       9%          2
 Dazzling Flash           Conj/Hex       28%        N/A       12%         3
 Momentum Strike          Conj/Tloc      12%        3d8       17%         2
 Gell's Gravitas          Tloc           11%        N/A       19%         3
 Teleport Other           Tloc           11%        N/A       19%         3
 Shock                    Conj/Air       4%         1d3       22%         1
 Cigotuvi's Dreadful Rot  Necr/Alch/Air  2%         N/A       32%         2
 Passwall                 Erth           1%         N/A       54%         3
 Swiftness                Air            1%         N/A       54%         3
 Dispel Undead            Necr           1%         3d6       91%         4
 Fulminant Prism          Conj/Alch      0%         3d5       91%         4
 Martyr's Knell           Necr/Summ      1%         N/A       91%         4
 Bombard                  Conj/Erth      0%         9d1       100%        6
 Death Channel            Necr           0%         N/A       100%        6
 Dispersal                Tloc           5%         N/A       100%        6
 Orb of Destruction       Conj           0%         9d5       100%        7


Dungeon Overview and Level Annotations

Branches:
Dungeon (8/15)             Temple (1/1) D:5           Sewer (visited)
Ossuary (visited)
   Lair: D:8-11

Altars:
Ashenzari
Cheibriados
Dithmenos
Elyvilon
Fedhas
Gozag
Hepliaklqana
Kikubaaqudgha
Makhleb
Nemelex Xobeh
Qazlal
Ru
Trog
Uskayaw
Vehumet
Wu Jian
Yredelemnul
Zin
The Shining One

Shops:
D:3 !

Annotations:
D:5 2 transporters, dialectric's ghost, novice VSSh


Innate Abilities, Weirdness & Mutations

You have razor-sharp teeth.
Your natural rate of healing is unusually fast.
When hurt, damage is shared between your health and your magic reserves.
Your bite disrupts and absorbs the magic of your enemies.
Potions cannot restore your health.


Message History

Splash!
You fall into the shallow water.
Moving in this stuff is going to be slow.
Unknown command.
The ogre mage hits you but does no damage.
There is an open door here.
Things that are here:
16 gold pieces; a +0 whip; a +0 leather armour Unknown command.
The water nymph's watery aura covers the open door.
Unknown command.
You hit the water nymph but do no damage.
You bite the water nymph.
The water nymph's magic leaks into the air.
You drain its magic.
You feel invigorated.
The water nymph is lightly wounded.
The water nymph touches you! The water nymph drowns you!
Unknown command.
You hit the water nymph but do no damage.
Your bite misses the water nymph.
The water nymph is lightly wounded.
The water nymph touches you. The water nymph drowns you!
Splash!
You fall into the shallow water.
Moving in this stuff is going to be slow.
Unknown command.
Your unstable footing causes you to fumble your attack.
The water nymph's magic is no longer disrupted.
The water nymph touches you! The water nymph drowns you!
* * * LOW HITPOINT WARNING * * *
Unknown command.
Unknown command.
Splash!
You fall into the shallow water.
Moving in this stuff is going to be slow.
The water nymph touches you.
* * * LOW HITPOINT WARNING * * *
The water nymph drowns you!
You die...
Your body crumbles into a pile of gold.

#.# ###
######♣.♣###### ###
...##.# ♣ ♣#♣♣.♣♣
##.##.# #♣.
♣.#♣.♣.♣# ###
#.♣♣..#.♣♣♣.#
#!♣..♣#♣.♣.♣# ♣
#.).♣ ♣♣.♣♣ #. #..♣♣
##♣)♣##,♣♣♣
#.##$♣♣♣♣#~~>..#.~(♣
##.###
#..$$.@mzO)8$.'♣ ~
......
#.##$♣♣♣♣#F)o..#♣
...### #. #$♣
##♣)♣## .### ♣ #.♣
♣♣)♣♣ # #.♣ #♣...♣#
#.. #.....# #..♣
#♣...♣# #.♣. ♣♣.♣♣
### ########♣.♣####


You could see a skeletal warrior, an ogre mage (invisible), a water nymph, a
bullfrog and an orc wizard.

Vanquished Creatures
  2 two-headed ogres (D:8)
  4 gargoyles (D:7)
  Psyche (D:8)
  A hornet (D:7)
  Sigmund (D:5)
  A wyvern (D:8)
  A yak (D:8)
  2 steam dragons
  2 water moccasins
  A sky beast (D:6)
  An orc warrior (D:8)
  3 black bears
  3 ice beasts
  Duvessa (D:5)
  4 centaurs
  4 ogres
  4 phantoms
  7 kobold brigands
  5 bullfrogs (D:8)
  A gnoll sergeant (D:6)
  A wyvern zombie (D:7)
  4 scorpions
  5 water moccasin zombies (Ossuary)
  A wight (D:8)
  Dowan (D:5)
  A burial acolyte (Ossuary)
  A howler monkey (D:8)
  2 bombardier beetles
  A centaur zombie (D:7)
  A spectral scorpion (Ossuary)
  3 gnoll boudas
  6 hounds
  2 orc priests
  2 sleepcaps
  Jessica (D:3)
  Terence (D:3)
  4 orc wizards
  2 iguanas
  A crocodile zombie (Ossuary)
  A bullfrog simulacrum (Ossuary)
  2 mummies (Ossuary)
  4 gnolls (D:8)
  8 adders
  2 river rats (Sewer)
  A shadow imp (D:8)
  An adder zombie (Ossuary)
  2 dart slugs
  7 ribbon worms
  20 orcs
  12 bats
  9 endoplasms
  13 gnoll zombies (Ossuary)
  3 goblins
  6 hobgoblins
  11 jackals
  7 kobolds
  6 quokkas
  9 ball pythons
  A frilled lizard (D:3)
  2 jackal zombies (Ossuary)
  4 orc zombies (Ossuary)
  A quokka zombie (D:6)
  15 rats
236 creatures vanquished.

Notes
Turn   | Place    | Note
-------+----------+-------------------------------------------
     0 | D:1      | zenocrate the Vine Stalker Enchanter began the quest for
                  | the Orb.
     0 | D:1      | Reached XP level 1. HP: 9/9 MP: 4/4
    46 | D:1      | Reached skill level 1 in Short Blades
   150 | D:1      | Reached XP level 2. HP: 13/13 MP: 6/6
   153 | D:1      | Learned a level 2 spell: Ensorcelled Hibernation
   861 | D:2      | Reached skill level 4 in Stealth
   873 | D:2      | Reached XP level 3. HP: 16/16 MP: 5/7
   882 | D:2      | Learned a level 3 spell: Confusing Touch
   973 | D:2      | Reached skill level 1 in Ice Magic
  1820 | D:2      | Reached XP level 4. HP: 21/21 MP: 1/8
  1823 | D:2      | Learned a level 2 spell: Blink
  1892 | D:2      | Got the Directory of Attacks
  2088 | D:3      | Noticed Jessica
  2098 | D:3      | Killed Jessica
  2193 | D:3      | Noticed Terence
  2199 | D:3      | Killed Terence
  2200 | D:3      | Reached XP level 5. HP: 18/24 MP: 3/9
  2587 | D:3      | Found Zeim's Distillery.
  2635 | D:3      | Found a hide-covered altar of Uskayaw.
  3204 | D:4      | Found an ancient bone altar of Kikubaaqudgha.
  3218 | D:4      | Reached XP level 6. HP: 28/28 MP: 10/10
  3258 | D:4      | Found an opulent altar of Gozag.
  3258 | D:4      | Identified the +6 quarterstaff of the Pill Bug {protect,
                  | rElec rPois Will- rCorr}
  3361 | D:4      | Reached skill level 5 in Stealth
  3377 | D:4      | Reached skill level 1 in Translocations
  3380 | D:4      | Reached XP level 7. HP: 31/32 MP: 6/11
  3460 | D:4      | Found a glowing drain.
  3506 | D:4      | Became a worshipper of Gozag Ym Sagoz the Greedy
  3539 | Sewer    | Entered a sewer
  4170 | Sewer    | Reached skill level 6 in Stealth
  4280 | Sewer    | Learned a level 3 spell: Tukima's Dance
  4478 | D:4      | Gained mutation: You have razor-sharp teeth. [Vine Stalker
                  | growth]
  4478 | D:4      | Reached XP level 8. HP: 17/36 MP: 2/12
  4569 | D:5      | Entered Level 5 of the Dungeon
  4615 | D:5      | Reached skill level 5 in Hexes
  4764 | D:5      | Found an ornate altar of the Wu Jian Council.
  4805 | D:5      | Found a transporter.
  4827 | D:5      | Found a transporter.
  4835 | D:5      | Noticed a small abomination
  4868 | D:5      | Noticed Duvessa
  4868 | D:5      | Noticed Dowan
  4874 | D:5      | Killed Duvessa
  4881 | D:5      | Killed Dowan
  4935 | D:5      | Reached skill level 7 in Stealth
  4958 | D:5      | Found a staircase to the Ecumenical Temple.
  5002 | Temple   | Entered the Ecumenical Temple
  5028 | D:5      | Noticed Sigmund
  5037 | D:5      | Killed Sigmund
  5038 | D:5      | Reached skill level 5 in Short Blades
  5038 | D:5      | Reached XP level 9. HP: 39/39 MP: 7/13
  5304 | D:5      | Found a blossoming altar of Fedhas.
  5518 | D:5      | Noticed dialectric's ghost (novice VSSh)
  5821 | D:6      | Found a sand-covered staircase.
  5828 | Ossuary  | Entered an ossuary
  5952 | Ossuary  | Reached skill level 8 in Stealth
  6528 | D:6      | Reached skill level 5 in Dodging
  6959 | D:7      | Found a broken altar of Ashenzari.
  7153 | D:7      | Reached XP level 10. HP: 44/44 MP: 14/14
  7253 | D:7      | Noticed a gargoyle
  7269 | D:7      | Killed a gargoyle
  7270 | D:7      | Reached skill level 9 in Stealth
  7297 | D:7      | Noticed a gargoyle
  7299 | D:7      | Killed a gargoyle
  7308 | D:7      | Noticed a gargoyle
  7310 | D:7      | Killed a gargoyle
  7315 | D:7      | Noticed a gargoyle
  7326 | D:7      | Killed a gargoyle
  7327 | D:7      | Reached skill level 1 in Evocations
  7753 | D:7      | Found a basalt altar of Yredelemnul.
  7892 | D:7      | Paralysed by a hornet for 2 turns
  8068 | D:8      | Noticed Psyche
  8084 | D:8      | Killed Psyche
  8085 | D:8      | Reached skill level 10 in Stealth
  8169 | D:8      | Found a glowing silver altar of Zin.
  8213 | D:8      | Found a bloodstained altar of Trog.
  8213 | D:8      | Noticed a two-headed ogre
  8221 | D:8      | Killed a two-headed ogre
  8222 | D:8      | Reached XP level 11. HP: 47/47 MP: 15/15
  8249 | D:8      | Found a shadowy altar of Dithmenos.
  8436 | D:8      | Noticed a two-headed ogre
  8441 | D:8      | Killed a two-headed ogre
  8442 | D:8      | Reached skill level 1 in Throwing
  8539 | D:8      | Found a sparkling altar of Nemelex Xobeh.
  8631 | D:8      | Noticed a brown ugly thing
  8742 | D:8      | Noticed an ogre mage
  8747 | D:8      | Noticed a skeletal warrior
  8760 | D:8      | Drowned by a water nymph (shapeshifter)

Illustrated notes

Levels and vault maps discovered:
D:1:      enne_arrival_octagon_isle, layout_basic, minivault_4
D:2:      layout_basic, minmay_pentomino_pile
D:3:      layout_basic, mainiacjoe_overflow_six_doors_small, serial_shops,
          shop_fountains, uniq_terence, uniq_jessica
D:4:      layout_rooms, lemuel_crystal_altar,
          nicolae_gozag_cash_rules_everything_around_me, portal_sewer_entry_d,
          minmay_surrounded
D:5:      layout_loops_ring, kennysheep_little_box,
          mainiacjoe_overflow_alcove_4, minmay_temple_entry_tees,
          gammafunk_ghost_abyssal_escape, uniq_duvessa, uniq_sigmund
D:6:      layout_basic, enter_ossuary_4, st_stairs_4
D:7:      cheibrodos_statue_roulette, layout_loops_ring,
          evilmike_ruin_ashenzari, lemuel_zombie_altar_yredelemnul
D:8:      nzn_winding_woodlands_stair_cross [nzn_winding_woodlands_5x15_eye,
          nzn_winding_woodlands_center_diamonds,
          nzn_winding_woodlands_5x15_pockets, nzn_winding_woodlands_5x5_default,
          nzn_winding_woodlands_5x5_closed_star,
          nzn_winding_woodlands_5x15_jagged,
          nzn_winding_woodlands_center_pierced_h,
          nzn_winding_woodlands_5x15_zeroes], layout_loops_ring,
          mainiacjoe_overflow_24_doors, lemuel_crystal_altar,
          nemelex_xobeh_ov_fountains_minmay, jmf_multi_god_temple, uniq_psyche
Temple:   hellmonk_temple_beads

Skill      XL: |  1  2  3  4  5  6  7  8  9 10 11 |
---------------+----------------------------------+-----
Short Blades   | 1 2 3 5 6 7 |  7.8
Stealth        | 4 5 6 7 8 10 | 10.7
Ice Magic      | 1 2 3 4 |  4.0
Dodging        | 2 3 4 5 6 |  6.5
Hexes          | 4 5 6 7 8 |  8.2
Translocations | 1 2 3 |  3.1
Evocations     | 2 3 |  3.0
Throwing       | 1 |  1.2
Spellcasting   | |  2.1

Action                     |  1- 3 |  4- 6 |  7- 9 | 10-12 || total
---------------------------+-------+-------+-------+-------++-------
  Melee: Dagger            |    86 |       |       |       ||    86
         Bite              |    21 |    28 |    94 |    50 ||   193
         Short sword       |    32 |   121 |   342 |   167 ||   662
         Punch             |       |     1 |     5 |     2 ||     8
   Cast: Ensorcelled Hiber |    10 |    19 |    17 |    31 ||    77
         Confusing Touch   |       |     3 |    17 |    16 ||    36
         Tukima's Dance    |       |       |     1 |     1 ||     2
    Use: Scroll            |       |     5 |     3 |     4 ||    12
   Stab: Sleeping          |    12 |     9 |    26 |    15 ||    62
         Confused          |       |     1 |     7 |    10 ||    18
         Distracted        |       |       |       |     1 ||     1
 Armour: Robe              |    60 |    76 |   198 |    94 ||   428
  Dodge: Dodged            |    93 |    80 |   252 |   120 ||   545
